 Dungeon Crawl Stone Soup version 0.29.0-4-gdea44cf6ec (webtiles) character file.

Game seed: 13725571127632763330

119 Destructed3 the Protected (level 5, -1/40 HPs)
             Began as a Gnoll Wanderer on Aug 27, 2022.
             Was a Follower of Ru.
             Slain by an orc
             ... wielding a +0 hand axe
              (4 damage)
             ... on level 3 of the Dungeon.
             The game lasted 00:05:26 (1838 turns).

Destructed3 the Protected (Gnoll Wanderer)          Turns: 1838, Time: 00:05:26

Health: -1/40      AC: 10    Str: 13    XL:     5   Next: 3%
Magic:  5/7        EV:  9    Int:  9    God:    Ru [*.....]
Gold:   106        SH:  5    Dex: 14    Spells: 6/6 levels left

rFire   . . .      SeeInvis .   a - +1 hand axe
rCold   . . .      Faith    .   c - +0 buckler
rNeg    . . .      Spirit   .   b - +2 scale mail
rPois   .          Reflect  .   (no helmet)
rElec   .          Harm     .   (no cloak)
rCorr   .          Rampage  .   (no gloves)
Will    .....                   (no boots)
Stlth   ..........              (no amulet)
HPRegen 0.13/turn               (no ring)
MPRegen 0.10/turn               (no ring)

@: unable to drink
A: fangs 1, inability to drink after injury 2, strong nose, distributed training
a: Renounce Religion


You were on level 3 of the Dungeon.
You worshipped Ru.
Ru was aware of your devotion.
You visited 1 branch of the dungeon, and saw 3 of its levels.

You collected 106 gold pieces.

Inventory:

Hand Weapons
 a - a +1 hand axe (weapon)
 k - a +1 dagger of speed
Armour
 b - a +2 scale mail (worn)
 c - a +0 buckler (worn)
Scrolls
 j - a scroll of identify
 l - 2 scrolls of summoning
Potions
 d - 3 potions of heal wounds
 e - a potion of mutation
 f - a potion of attraction {unknown}
 g - a potion of cancellation {unknown}
 h - a potion of flight {unknown}
 i - a potion of lignification {unknown}


   Skills:
 + Level 2.9 Fighting
 + Level 1.4 Short Blades
 + Level 1.4 Long Blades
 + Level 6.6 Axes
 + Level 1.4 Maces & Flails
 + Level 1.4 Polearms
 + Level 1.4 Staves
 + Level 1.4 Ranged Weapons
 + Level 1.4 Throwing
 + Level 8.6 Armour
 + Level 1.4 Dodging
 + Level 1.4 Stealth
 + Level 2.9 Shields
 + Level 1.4 Unarmed Combat
 + Level 1.4 Spellcasting
 + Level 1.1 Conjurations
 + Level 1.1 Hexes
 + Level 1.1 Summonings
 + Level 1.1 Necromancy
 + Level 1.1 Translocations
 + Level 1.1 Transmutations
 + Level 1.1 Fire Magic
 + Level 1.1 Ice Magic
 + Level 1.1 Air Magic
 + Level 1.1 Earth Magic
 + Level 1.1 Poison Magic
 + Level 1.5 Invocations
 + Level 2.9 Evocations


You had 6 spell levels left.
You didn't know any spells.
Your spell library contained the following spells:

 Spells                   Type           Power      Damage    Failure   Level
 Sting                    Tmut/Pois      8%         1d3       73%         1
 Poisonous Vapours        Pois/Air       4%         N/A       86%         2
 Olgreb's Toxic Radiance  Pois           2%         N/A       100%        4


Dungeon Overview and Level Annotations

Branches:
Dungeon (2/15)

Altars:
Ru


Innate Abilities, Weirdness & Mutations

You have very sharp teeth.
You sometimes lose the ability to drink potions when taking damage.
Your uncanny sense of smell can sniff out nearby items.
Your experience applies equally to all skills.


Message History

Pain shoots through your body!
You closely miss the orc priest.
You bite the orc priest, but do no damage.
The orc priest is almost dead.
The orc priest mumbles some strange prayers to Beogh against you.
Pain shoots through your body!
You hit the orc priest but do no damage.
The orc priest is almost dead.
The orc priest invokes the aid of Beogh against you.
Beogh smites you!
You feel threatened and lose the ability to drink potions!
* * * LOW HITPOINT WARNING * * *
You hit the orc priest. Your bite misses the orc priest.
The orc priest is almost dead.
You can drink potions again.
The orc priest hits you but does no damage.
You hit the orc priest but do no damage.
Your bite misses the orc priest.
The orc priest is almost dead.
The orc priest hits you with a +0 dagger.
* * * LOW HITPOINT WARNING * * *
You hit the orc priest.
You kill the orc priest!
You have reached level 5!
You hit the orc but do no damage. You block the orc's attack.
You hit the orc but do no damage. Your bite misses the orc.
The orc hits you but does no damage. x2
You hit the orc but do no damage. The orc hits you but does no damage.
You hit the orc.
The orc is lightly wounded.
The orc hits you with a +0 hand axe.
* * * LOW HITPOINT WARNING * * *
You hit the orc but do no damage.
The orc is lightly wounded.
The orc hits you but does no damage.
You barely miss the orc.
The orc is lightly wounded.
The orc hits you with a +0 hand axe.
You feel threatened and lose the ability to drink potions!
You die...

#### #######..o.. ∆ ..#...o#
#.#o# #.#@# ###########...#
..#........##################
#.#.#########................
#.#.## #........########
#....########........#
#..#.................#
##...########.......##
#######.## #.......#


You could see an orc.

Vanquished Creatures
  An orc priest (D:3)
  Terence (D:2)
  A gnoll (D:1)
  A dart slug (D:1)
  2 orcs (D:3)
  4 ball pythons
  2 bats (D:1)
  4 endoplasms
  2 giant cockroaches (D:1)
  4 goblins
  8 hobgoblins
  8 jackals
  A quokka (D:1)
  5 frilled lizards
  2 kobolds (D:1)
  2 rats
48 creatures vanquished.

Notes
Turn   | Place    | Note
-------+----------+-------------------------------------------
     0 | D:1      | Destructed3 the Gnoll Wanderer began the quest for the Orb.
     0 | D:1      | Destructed3 set off with the following items: a +0 hand
                  | axe, a +2 scale mail, a +0 buckler, a potion of heal
                  | wounds.
     0 | D:1      | Reached XP level 1. HP: 17/17 MP: 1/1
   145 | D:1      | Reached XP level 2. HP: 20/23 MP: 2/2
   176 | D:1      | Reached XP level 3. HP: 16/28 MP: 3/3
   565 | D:1      | Reached skill level 1 in Invocations
   742 | D:1      | Found a faded altar of an unknown god.
   746 | D:1      | Prayed at the altar of an unknown god.
   746 | D:1      | Became a worshipper of Ru the Awakened
   767 | D:1      | Gained mutation: You occasionally lose the ability to drink
                  | potions when taking damage. [Ru sacrifice]
   767 | D:1      | Gained mutation: You sometimes lose the ability to drink
                  | potions when taking damage. [Ru sacrifice]
   767 | D:1      | Reached * piety under Ru
   788 | D:1      | Reached skill level 1 in Short Blades
   788 | D:1      | Reached skill level 1 in Long Blades
   788 | D:1      | Reached skill level 1 in Maces & Flails
   788 | D:1      | Reached skill level 1 in Polearms
   788 | D:1      | Reached skill level 1 in Staves
   788 | D:1      | Reached skill level 1 in Ranged Weapons
   788 | D:1      | Reached skill level 1 in Throwing
   788 | D:1      | Reached skill level 1 in Dodging
   788 | D:1      | Reached skill level 1 in Stealth
   788 | D:1      | Reached skill level 1 in Unarmed Combat
   788 | D:1      | Reached skill level 1 in Spellcasting
  1317 | D:2      | Reached XP level 4. HP: 34/34 MP: 5/5
  1318 | D:2      | Noticed Terence
  1344 | D:2      | Killed Terence
  1345 | D:2      | Reached skill level 1 in Conjurations
  1345 | D:2      | Reached skill level 1 in Hexes
  1345 | D:2      | Reached skill level 1 in Summonings
  1345 | D:2      | Reached skill level 1 in Necromancy
  1345 | D:2      | Reached skill level 1 in Translocations
  1345 | D:2      | Reached skill level 1 in Transmutations
  1345 | D:2      | Reached skill level 1 in Fire Magic
  1345 | D:2      | Reached skill level 1 in Ice Magic
  1345 | D:2      | Reached skill level 1 in Air Magic
  1345 | D:2      | Reached skill level 1 in Earth Magic
  1345 | D:2      | Reached skill level 1 in Poison Magic
  1763 | D:2      | You fall into a shaft and drop 1 floor!
  1833 | D:3      | Reached XP level 5. HP: 4/40 MP: 5/7
  1838 | D:3      | Slain by an orc

Illustrated notes

Levels and vault maps discovered:
D:1:      dpeg_arrival_three_smaller_balls, layout_basic,
          shapermc_ecumenical_altar_mp_ritualfount, minmay_box_of_dots
D:2:      layout_loops_ring, uniq_terence
D:3:      layout_loops_ring, nzn_wu_jian_council_hall,
          mainiacjoe_overflow_six_doors_small, kennysheep_generic_room_6

Skill      XL: |  1  2  3  4 |
---------------+-------------+-----
Invocations    | 1 |  1.5
Short Blades   | 1 |  1.4
Long Blades    | 1 |  1.4
Maces & Flails | 1 |  1.4
Polearms       | 1 |  1.4
Staves         | 1 |  1.4
Ranged Weapons | 1 |  1.4
Throwing       | 1 |  1.4
Dodging        | 1 |  1.4
Stealth        | 1 |  1.4
Unarmed Combat | 1 |  1.4
Spellcasting   | 1 |  1.4
Conjurations   | 1 |  1.1
Hexes          | 1 |  1.1
Summonings     | 1 |  1.1
Necromancy     | 1 |  1.1
Translocations | 1 |  1.1
Transmutations | 1 |  1.1
Fire Magic     | 1 |  1.1
Ice Magic      | 1 |  1.1
Air Magic      | 1 |  1.1
Earth Magic    | 1 |  1.1
Poison Magic   | 1 |  1.1
Fighting       | |  2.9
Axes           | |  6.6
Armour         | |  8.6
Shields        | |  2.9
Evocations     | |  2.9

Action                   |  1- 3 |  4- 6 || total
-------------------------+-------+-------++-------
Melee: Hand axe          |   104 |    63 ||   167
       Bite              |     8 |     7 ||    15
Invok: Sacrifice Drink   |     1 |       ||     1
  Use: Scroll            |     4 |     1 ||     5
Armor: Scale mail        |    48 |    21 ||    69
Dodge: Dodged            |    37 |    12 ||    49
Block: Buckler           |    24 |     4 ||    28
